Mandevil, lawful male human Samurai ----------- ---------- |..........# ##..........# |.........|# # |.......(|# |.........|# ### ----------# |.........|# # # -.---------# ### # ## # # # # # # ### # # ----------- # # # # #####################-.........| # # )#%)## # #------ |......>..| ----.--- `######@@###----.--# #|....| |[........| |.......#####----- |^...{|# #|.....###########-.........| |......| #|...| ##...<^..# #|....| |.........| |......| #|...| # |.....| #|....| |.........| |>......#####|....##### ------- #.....| ----------- -------- #|...| |....| #....| --|--- |...| # --+-- Mandevil the Ninja Experience level: 8 Strength: 17 Dexterity: 16 Constitution: 18 Intelligence: 10 Wisdom: 9 Charisma: 11 Health: 0(83) Energy: 29(29) Def: 10 Gold: 0 Moves: 11234 Dungeon seed: JU-P3YFQ5ta0SOb2 Game ID: Mandevil_1465472543 Your Inventory: Amulets o - an uncursed amulet of reflection (being worn) Weapons a - a +0 katana (weapon in hand) b - a +0 wakizashi c - a +0 yumi d - 36 +0 ya j - a +0 spear k - 6 +0 arrows O - 3 +0 shuriken Armor n - an uncursed +1 oilskin cloak (being worn) v - an uncursed +0 elven mithril-coat (being worn) z - an uncursed +1 elven leather helm K - an uncursed +0 orcish helm (being worn) N - an uncursed +0 pair of iron shoes (being worn) Y - a blessed +1 elven shield Rings i - an uncursed ring of warning (on left hand) q - an uncursed ring of protection from shape changers S - an uncursed ring of see invisible (on right hand) Wands r - a wand of make invisible (0:5) u - a wand of sleep (0:3) H - a wand of striking (0:0) M - a wand of make invisible (0:7) U - a cursed wand of striking (0:3) W - a blessed wand of make invisible (0:3) X - a wand of slow monster (0:5) Tools h - an uncursed sack m - an uncursed oil lamp (0:1251) w - an uncursed tin whistle x - 3 uncursed partly used tallow candles (0:11) y - a +0 unicorn horn G - an uncursed tooled horn R - an uncursed towel Gems e - an uncursed luckstone g - an uncursed touchstone F - 5 uncursed amethyst stones Contents of the sack: 178 gold pieces an uncursed amulet versus poison an uncursed apple an uncursed carrot 3 uncursed gunyoki 3 uncursed lichen corpses 2 uncursed scrolls of amnesia an uncursed scroll of earth an uncursed scroll of enchant armor an uncursed scroll of identify a cursed scroll of light an uncursed scroll of magic mapping 3 uncursed scrolls of teleportation an uncursed spellbook of detect treasure an uncursed spellbook of levitation an uncursed spellbook of turn undead a cursed potion of acid 2 blessed potions of confusion an uncursed potion of levitation an uncursed potion of water a cursed ring of hunger a blessed +0 ring of increase damage an uncursed ring of warning a wand of make invisible (0:5) 5 blessed tallow candles (0:200) 15 uncursed tallow candles (0:200) 21 uncursed wax candles (0:400) 2 uncursed aquamarine stones 2 uncursed diamonds 3 uncursed emeralds 2 uncursed garnet stones an uncursed jet stone an uncursed opal an uncursed ruby 2 uncursed worthless pieces of black glass 4 uncursed worthless pieces of blue glass an uncursed worthless piece of orange glass an uncursed worthless piece of yellow glass 4 uncursed worthless pieces of yellowish brown glass Spells and supernatural/magical abilities: Name Level Category Fail Memory W - pray for help -- divine ? -- Your skills at the end: Fighting Skills martial arts [Basic] wands [Basic] Weapon Skills short sword [Basic] long sword [Expert] bow [Basic] Spellcasting Skills Final Attributes: You were piously aligned. You were cold resistant. You were poison resistant. You saw invisible. You were telepathic. You were warned. You were invisible to others. You were fast. You had reflection. You were lucky. You had extra luck. Bad luck did not time out for you. Good luck did not time out for you. You are dead. Vanquished creatures: 3 giant mimics a small mimic an ettin mummy a gelatinous cube a pyrolisk 2 flaming spheres a large cat a tiger 2 human mummies an incubus a giant beetle a wolf 3 lynxes a gremlin 2 leprechauns 3 giant spiders a scorpion 2 gnome kings an orc mummy 2 dwarf mummies 2 brown puddings a Green-elf a dingo a dwarf lord a black unicorn 2 dust vortices a raven a plains centaur 2 gnome mummies an ape 3 human zombies 2 rope golems a Woodland-elf 7 soldier ants 4 imps 2 rock piercers 2 rock moles a pony 2 fog clouds 5 shriekers 11 gnome lords 5 gnomish wizards 3 kobold mummies a red naga hatchling a guardian naga hatchling a gray ooze 5 elf zombies 2 straw golems a paper golem 7 giant ants 2 little dogs 5 floating eyes 2 kittens 2 dwarves 2 homunculi 4 hill orcs 3 rothes 5 rabid rats 3 giant bats 4 orc zombies 5 dwarf zombies 2 wererats a werejackal 5 iguanas 4 coyotes 2 gas spores a hobbit a hobgoblin 4 giant rats a cave spider 2 yellow molds a red mold 60 gnomes 7 geckos 16 jackals 7 foxes 6 kobolds 3 goblins 15 sewer rats 16 grid bugs 5 bats 9 lichens 4 kobold zombies 15 newts 334 creatures vanquished. Voluntary challenges: You had been an atheist until turn 1897. You used a wielded weapon 405 times, starting on turn 76. You read items or engraved 359 times, starting on turn 24. You never genocided any monsters. You never polymorphed an object. You never changed form. You used no wishes. You split 1 pudding, starting on turn 8192. You wrote Elbereth's name 336 times, starting on turn 663. You never violated your personal moral code. Dungeon overview: The Dungeons of Doom: levels 1 to 6 Level 1 a fountain a long staircase Level 2 a weapon shop, a fountain Level 3 Level 4 <- You were here a fountain stairs to The Gnomish Mines Level 5 Level 6 an altar to Amaterasu Omikami, a fountain stairs to Sokoban The Gnomish Mines: levels 5 to 13 Level 5 stairs to The Dungeons of Doom Level 6 Level 7 Level 8 some shops, a temple to Raijin, some fountains Level 9 Level 10 Level 11 Level 12 Level 13 a fountain Sokoban: levels 2 to 5 Level 2 Level 3 Level 4 Level 5 stairs to The Dungeons of Doom History has recorded: On T:1 you entered the Dungeons of Doom to retrieve the Amulet of Yendor! On T:178 you reached level 2 of The Dungeons of Doom. On T:635 you reached level 3 of The Dungeons of Doom. On T:817 you advanced to experience level 2. On T:950 you advanced to experience level 3. On T:1009 you reached level 4 of The Dungeons of Doom. On T:1254 you reached level 1 of The Gnomish Mines. On T:1334 you reached level 5 of The Dungeons of Doom. On T:1467 you advanced to experience level 4. On T:1591 you reached level 6 of The Dungeons of Doom. On T:1929 you reached level 4 of Sokoban. On T:2365 you reached level 3 of Sokoban. On T:2791 you advanced to experience level 5. On T:3225 you reached level 2 of Sokoban. On T:3708 you reached level 1 of Sokoban. On T:3914 you advanced to experience level 6. On T:5610 you advanced to experience level 7. On T:5949 you reached level 2 of The Gnomish Mines. On T:6444 you reached level 3 of The Gnomish Mines. On T:7545 you reached level 4 of The Gnomish Mines. On T:7677 you advanced to experience level 8. On T:8093 you reached level 5 of The Gnomish Mines. On T:8720 you reached level 6 of The Gnomish Mines. On T:9000 you reached level 7 of The Gnomish Mines. On T:9889 you reached level 8 of The Gnomish Mines. On T:10275 you reached level 9 of The Gnomish Mines. Score breakdown: Gold: 178 ( 7663 points) Experience: 8 levels (14739 points) Exploration: 13 levels ( 24.53%) (14411 points) Discoveries: 17 items ( 6.83%) ( 7838 points) Valuables value: (no points given unless you survive) Artifact value: 0 ( 0 points) Variety of kills: 84 monsters ( 21.93%) (14049 points) Turncount: 11234 turns (-2550 points) Survival: died (score multiplied by 80%) Total score: 44920 Latest messages: You have a little trouble lifting z - an elven leather helm. You have a little trouble lifting Y - an elven shield. You are almost hit by an elven dagger. You hear a crunching sound. The Woodland-elf swings her elven broadsword. The Woodland-elf misses. The Woodland-elf swings her elven broadsword. The Woodland-elf hits! The Woodland-elf swings her elven broadsword. The Woodland-elf hits! You hit the Woodland-elf! The Woodland-elf swings her elven broadsword. The Woodland-elf hits! Your speed returns. You hit the Woodland-elf. The Woodland-elf swings her elven broadsword. The Woodland-elf hits! You hit the Woodland-elf! The Woodland-elf swings her elven broadsword. The Woodland-elf hits! You die... Final status: Sayonara Mandevil the Samurai, killed by a Woodland-elf... You died in The Dungeons of Doom on dungeon level 4 with 44920 points, and 178 pieces of gold, after 11234 moves. You were level 8 with a maximum of 83 hit points when you died.